 Dungeon Crawl Stone Soup version 0.23.2 (webtiles) character file.

Game seed: 13897797900648530472

138 lysyklops the Gusty (level 5, 0/38 HPs)
             Began as a Draconian Air Elementalist on Apr 6, 2019.
             Killed from afar by Natasha (3 damage)
             ... with a magic dart
             ... on level 3 of the Dungeon.
             The game lasted 00:08:55 (2793 turns).

lysyklops the Gusty (Draconian Air Elementalist)    Turns: 2793, Time: 00:08:56

Health: 0/38       AC:  6    Str: 10    XL:     5   Next: 1%
Magic:  2/9        EV: 13    Int: 17    God:
Gold:   117        SH:  0    Dex: 11    Spells: 8/9 levels left

rFire    . . .     SeeInvis .   t - +0 whip
rCold    . . .     Gourm    .   (no shield)
rNeg     . . .     Faith    .   (armour unavailable)
rPois    .         Spirit   .   (helmet restricted)
rElec    .         Reflect  .   c - +0 cloak
rCorr    .         Harm     .   (no gloves)
MR       .....                  (no boots)
Stlth    ++........             (no amulet)
HPRegen  0.12/turn              (no ring)
MPRegen  0.11/turn              (no ring)

@: no status effects
A: unfitting armour, cold-blooded, AC +5
a: no special abilities


You were on level 3 of the Dungeon.
You were not hungry.

You visited 1 branch of the dungeon, and saw 3 of its levels.

You collected 117 gold pieces.

Inventory:

Hand Weapons
 t - a +0 whip (weapon)
Armour
 c - a +0 cloak (worn)
Jewellery
 q - an uncursed amulet of magic regeneration {unknown}
 r - a +4 ring of dexterity {unknown}
Scrolls
 a - a scroll of amnesia {unknown}
 g - a scroll of immolation {unknown}
 h - a scroll of fear {unknown}
 k - a scroll of remove curse {unknown}
 l - a scroll of blinking {unknown}
 n - 2 scrolls of fog {unknown}
 o - a scroll of identify {unknown}
 s - a scroll of noise {unknown}
Potions
 d - a potion of lignification {unknown}
 e - a potion of agility {unknown}
 f - a potion of ambrosia {unknown}
 i - a potion of brilliance {unknown}
 j - a potion of heal wounds {unknown}
 m - a potion of curing {unknown}
 p - a potion of flight {unknown}
Comestibles
 b - 4 rations


   Skills:
 + Level 2.8 Dodging
 - Level 1.7 Stealth
 + Level 2.9 Spellcasting
 + Level 2.5 Conjurations
 + Level 3.8 Air Magic


You had 8 spell levels left.
You knew the following spells:

 Your Spells              Type           Power        Failure   Level  Hunger
a - Shock                 Conj/Air       ##..         4%          1    None

Your spell library contained the following spells:

 Spells                   Type           Power        Failure   Level  Hunger
 Swiftness                Chrm/Air       #.......     12%         2    ##.....
 Static Discharge         Conj/Air       ##......     14%         3    ###....
 Airstrike                Air            ###.......   36%         4    ####...
 Lightning Bolt           Conj/Air       ##........   80%         5    ######.


Dungeon Overview and Level Annotations

Branches:
Dungeon (3/15)

Altars:

Annotations:
D:3 Grinder, Natasha


Innate Abilities, Weirdness & Mutations

Your plain brown scales are hard. (AC +5)
You cannot fit into any form of body armour.
You are cold-blooded and may be slowed by cold attacks.


Message History

The white imp disappears in a puff of smoke!
Natasha mewls in sadness.
Natasha wildly gestures.
Natasha glows brightly for a moment.
Natasha closely misses you.
Grinder says, "You look like you could use a good racking."
Natasha stares at you and mumbles some strange words.
The magic dart hits you!
* * * LOW HITPOINT WARNING * * *
Grinder blinks!
Natasha stares at you and mumbles some strange words.
You resist with some effort.
Your magical contamination has completely faded away.
Grinder gestures at you. Pain shoots through your body!
* * * LOW HITPOINT WARNING * * *
Grinder blinks!
Natasha casts a spell at you. The magic dart hits you.
You die...

#. #. #. #.
#.############
#.........5h.#
#..............#ยง#
#####..#######.#.#
#..# #.#@# #.)#
#####.#.#
#..###.....#.#
#...##.#####.#
#.#.##.## #.#
#.#.#.#.####.#
#..(.###....>#
###(#)#.######
#.##.##


You could see Natasha.

Vanquished Creatures
  6 adders (D:2)
  A worm (D:2)
  3 dart slugs
  2 leopard geckos
  2 ball pythons
  3 giant cockroaches
  4 goblins (D:1)
  9 hobgoblins
  10 jackals
  2 quokkas (D:2)
  9 bats
  2 frilled lizards
  7 kobolds
  10 rats
70 creatures vanquished.

Notes
Turn   | Place    | Note
-------+----------+-------------------------------------------
     0 | D:1      | lysyklops the Draconian Air Elementalist began the quest
                  | for the Orb.
     0 | D:1      | Reached XP level 1. HP: 14/14 MP: 3/3
   271 | D:1      | Reached XP level 2. HP: 20/20 MP: 1/5
  1064 | D:1      | Reached XP level 3. HP: 26/26 MP: 3/6
  1711 | D:2      | Reached XP level 4. HP: 33/33 MP: 5/7
  2220 | D:2      | Found a faded altar of an unknown god.
  2703 | D:3      | Reached XP level 5. HP: 38/38 MP: 9/9
  2764 | D:3      | Noticed Grinder
  2764 | D:3      | Noticed Natasha
  2793 | D:3      | Killed from afar by Natasha

Skill      XL: |  1  2  3 |
---------------+----------+-----
Dodging        | 2 |  2.8
Conjurations   | 2 |  2.5
Stealth        | |  1.7
Spellcasting   | |  2.9
Air Magic      | |  3.8

Action                   |  1- 3 |  4- 6 || total
-------------------------+-------+-------++-------
Melee: Unarmed           |    18 |       ||    18
       Tailslap          |    12 |     5 ||    17
       Club              |    83 |    26 ||   109
       Whip              |       |     9 ||     9
 Cast: Shock             |    72 |    51 ||   123
 Stab: Sleeping          |       |     1 ||     1
  Eat: Chunk             |     4 |     3 ||     7
Armor: Skin              |    45 |    20 ||    65
Dodge: Dodged            |    88 |    42 ||   130
